 Dungeon Crawl Stone Soup version 0.30-a0-737-gf23d94013f (webtiles) character file.

Game seed: 3845917765628518254

9057 workcheese the Severer (level 11, -7/77 (82) HPs)
             Began as a Minotaur Berserker on Feb 1, 2023.
             Was a Priest of Trog.
             Mangled by a wight
             ... wielding a +0 halberd
              (9 damage)
             ... on level 10 of the Dungeon.
             The game lasted 00:24:58 (8662 turns).

workcheese the Severer (Minotaur Berserker)         Turns: 8662, Time: 00:24:58

HP:   -7/77 (82)    AC:  8    Str: 26    XL:     11   Next: 18%
MP:   10/10         EV:  9    Int:  4    God:    Trog [***...]
Gold: 787           SH:  0    Dex: 10    Spells: 10/10 levels left

rFire   . . .      SeeInvis .    L - +3 battleaxe (freeze)
rCold   . . .      Faith    .    (shield currently unavailable)
rNeg    . . .      Spirit   .    e - +0 chain mail
rPois   .          Reflect  .    (helmet restricted)
rElec   .          Harm     .    (no cloak)
rCorr   .          Rampage  .    (no gloves)
Will    ++...                    (no boots) Stlth
                                 (no amulet)
HPRegen 1.32/turn                (no ring)
MPRegen 0.12/turn                (no ring)

@: strong-willed, on berserk cooldown, regenerating, slowed, drained, very slow
A: horns 2, retaliatory headbutt
a: Renounce Religion, Berserk, Trog's Hand


You were on level 10 of the Dungeon.
You worshipped Trog.
Trog was most pleased with you.
You visited 1 branch of the dungeon, and saw 10 of its levels.
You also visited: Sewer.

You collected 787 gold pieces.

Inventory:

Hand Weapons
 a - a +0 hand axe
 h - a +0 war axe
 t - a +1 heavy flail
 L - a +3 battleaxe of freezing (weapon)
Missiles
 K - 9 poisoned darts (quivered)
Armour
 b - a +0 animal skin
 e - a +0 chain mail (worn)
Jewellery
 d - a ring of magical power
 H - a ring of magical power
Wands
 g - a wand of roots (10)
 B - a wand of polymorph (7)
 F - a wand of quicksilver (9)
 G - a wand of charming (8)
 I - a wand of digging (11)
Scrolls
 c - 3 scrolls of immolation {unknown}
 i - 3 scrolls of vulnerability {unknown}
 n - 5 scrolls of fear
 o - 2 scrolls of fog {unknown}
 r - a scroll of noise {unknown}
 s - 3 scrolls of summoning {unknown}
 u - 6 scrolls of amnesia
 x - 3 scrolls of enchant armour {unknown}
 y - 2 scrolls of silence {unknown}
 z - a scroll of identify
 A - a scroll of magic mapping {unknown}
 E - 2 scrolls of blinking {unknown}
 J - 4 scrolls of teleportation {unknown}
 M - a scroll of torment {unknown}
Potions
 f - 4 potions of attraction
 j - a potion of ambrosia
 k - 6 potions of curing
 l - 2 potions of degeneration
 m - 4 potions of haste
 p - 2 potions of resistance
 q - 4 potions of flight
 v - 2 potions of mutation
 w - a potion of brilliance
 C - 2 potions of might
 D - a potion of magic
 N - a potion of invisibility


   Skills:
 - Level 3.6 Fighting
 + Level 19.8 Axes
 + Level 1.0 Throwing
 - Level 2.4 Armour
 - Level 2.1 Dodging
 - Level 2.5 Stealth
 - Level 1.0 Unarmed Combat


You had 10 spell levels left.
You didn't know any spells.
Your spell library was empty.

Dungeon Overview and Level Annotations

Branches:
Dungeon (10/15)            Temple (0/1) D:5            Lair (0/5) D:9
  Sewer (visited)
    Orc: D:9-12

Altars:
Ashenzari

Shops:
D:4 (   D:7 (


Innate Abilities, Weirdness & Mutations

You have a pair of horns on your head.
You reflexively headbutt those who attack you in melee.


Message History

a +0 scimitar; a +0 robe You hit the wight.
You destroy the wight!
Trog accepts your kill.
You feel the effects of Trog's Hand fading.
The wight hits you from afar with a +0 halberd.
You feel drained.
The wight hits you from afar with a +0 halberd!
* * * LOW HITPOINT WARNING * * *
The wight hits you from afar with a +0 halberd!
* * * LOW HITPOINT WARNING * * *
You feel drained.
* * * LOW HITPOINT WARNING * * *
Things that are here:
a +4 trident; a +0 robe You feel much better.
The wight hits you from afar with a +0 halberd!
* * * LOW HITPOINT WARNING * * *
The wight hits you from afar with a +0 halberd.
* * * LOW HITPOINT WARNING * * *
Unknown command.
The wight hits you with a +0 halberd.
* * * LOW HITPOINT WARNING * * *
You feel drained.
Things that are here:
a +2 war axe; a +0 robe You hit the wight but do no damage.
You headbutt the wight, but do no damage.
Your skin stops crawling.
You feel less strong-willed. The wight hits you but does no damage.
Your skin crawls.
You feel strong-willed. The wight hits you with a +0 halberd!
* * * LOW HITPOINT WARNING * * *
The wight hits you with a +0 halberd.
* * * LOW HITPOINT WARNING * * *
You slash the wight! You freeze the wight. Your headbutt misses the wight.
The wight is almost destroyed.
The wight hits you with a +0 halberd!
You die...

.......##.......
......|..)........ ####
.................. ...#
#................
...####...#..........#
.....................+
.....................#+#
...............)........
...........!...)@z......
............)...........
...)).........).)....[..
.....).........)........
#...<.............$.....
....#.......#...........
...##...#......$.##.....
...#...##.......## .....
...#...###...#### .#.


You could see a wight.

Vanquished Creatures
  Josephine (D:10)
  Pikel (D:7)
  Joseph (D:7)
  A troll (D:9)
  A hornet (D:9)
  Grinder (D:5)
  Sigmund (D:2)
  5 wraiths (D:10)
  A shadow (D:9)
  5 yaks (D:8)
  4 steam dragons (D:8)
  Menkaure (D:7)
  A water moccasin (Sewer)
  3 orc warriors (D:8)
  2 black bears
  An ogre (D:5)
  3 wolves (D:9)
  4 centaurs
  4 lemures (D:7)
  A phantom (D:6)
  2 kobold brigands
  7 bullfrogs
  2 necrophages (D:8)
  2 scorpions (D:5)
  13 wights
  16 killer bees
  3 electric eels (D:9)
  6 howler monkeys
  2 jellies (D:7)
  6 hounds
  5 orc priests
  Jessica (D:2)
  5 orc wizards
  4 iguanas
  Robin (D:2)
  6 gnolls
  9 adders
  An ufetubus (D:5)
  A worm (D:3)
  5 dart slugs
  13 orcs
  4 ball pythons
  9 bats
  5 endoplasms
  3 giant cockroaches (D:1)
  19 goblins
  15 hobgoblins
  6 jackals
  7 quokkas
  3 frilled lizards
  9 kobolds
  9 rats
241 creatures vanquished.

Vanquished Creatures (others)
  13 plants (D:2)
13 creatures vanquished.

Grand Total: 254 creatures vanquished

Notes
Turn   | Place    | Note
-------+----------+-------------------------------------------
     0 | D:1      | workcheese the Minotaur Berserker began the quest for the
                  | Orb.
     0 | D:1      | Reached XP level 1. HP: 19/19 MP: 0/0
    32 | D:1      | Reached skill level 4 in Axes
    92 | D:1      | Reached XP level 2. HP: 26/26 MP: 1/1
   296 | D:1      | Reached ** piety under Trog
   316 | D:1      | Reached skill level 5 in Axes
   325 | D:1      | Reached XP level 3. HP: 31/31 MP: 2/2
   744 | D:2      | Noticed Sigmund
   749 | D:2      | Killed Sigmund
   750 | D:2      | Reached skill level 7 in Axes
   750 | D:2      | Reached XP level 4. HP: 39/39 MP: 3/3
   750 | D:2      | Reached XP level 5. HP: 45/45 MP: 4/4
   796 | D:2      | Noticed Jessica
   802 | D:2      | Killed Jessica
   806 | D:2      | Noticed Robin
   812 | D:2      | Killed Robin
   843 | D:2      | Reached skill level 8 in Axes
   843 | D:2      | Reached XP level 6. HP: 46/51 MP: 5/5
  1440 | D:3      | Found a glowing drain.
  1453 | Sewer    | Entered a sewer
  1511 | Sewer    | Noticed a water moccasin
  1519 | Sewer    | Killed a water moccasin
  1520 | Sewer    | Reached skill level 9 in Axes
  1520 | Sewer    | Reached skill level 1 in Stealth
  2033 | D:3      | Reached *** piety under Trog
  2119 | D:3      | Reached XP level 7. HP: 54/57 MP: 6/6
  2890 | D:4      | Found Osoroyre's Firing Range.
  2972 | D:5      | Entered Level 5 of the Dungeon
  3009 | D:5      | Noticed Grinder
  3016 | D:5      | Killed Grinder
  3017 | D:5      | Reached skill level 10 in Axes
  3195 | D:5      | Reached skill level 11 in Axes
  3203 | D:5      | Found a staircase to the Ecumenical Temple.
  3436 | D:5      | Reached XP level 8. HP: 64/64 MP: 7/7
  3867 | D:6      | Reached skill level 12 in Axes
  4738 | D:7      | Noticed Menkaure
  4738 | D:7      | Noticed Joseph
  4738 | D:7      | Found a broken altar of Ashenzari.
  4746 | D:7      | Killed Menkaure
  4752 | D:7      | Killed Joseph
  4753 | D:7      | Reached skill level 13 in Axes
  4804 | D:7      | Noticed Pikel
  4820 | D:7      | Killed Pikel
  4821 | D:7      | Reached skill level 14 in Axes
  4821 | D:7      | Reached XP level 9. HP: 70/70 MP: 8/8
  5125 | D:7      | Reached skill level 15 in Axes
  5750 | D:7      | Found Jiwiw's Weapon Emporium.
  5927 | D:8      | Reached skill level 16 in Axes
  5939 | D:8      | Reached XP level 10. HP: 32/77 MP: 9/9
  6226 | D:8      | Reached skill level 17 in Axes
  6852 | D:8      | Reached skill level 18 in Axes
  7123 | D:9      | Found a flagged portal.
  7156 | D:8      | HP: 2/77 [killer bee (5)]
  7484 | D:9      | Found a staircase to the Lair.
  7849 | D:9      | Reached skill level 19 in Axes
  7922 | D:9      | Paralysed by a hornet for 3 turns
  8070 | D:9      | Reached skill level 1 in Unarmed Combat
  8503 | D:10     | Entered Level 10 of the Dungeon
  8630 | D:10     | Noticed Josephine
  8640 | D:10     | Reached XP level 11. HP: 82/82 MP: 10/10
  8641 | D:10     | Killed Josephine
  8655 | D:10     | Reached skill level 1 in Throwing
  8657 | D:10     | HP: 3/79 [wight/+0 halberd (3)]
  8661 | D:10     | HP: 1/77 [wight/+0 halberd (6)]
  8662 | D:10     | Mangled by a wight

Illustrated notes

Levels and vault maps discovered:
D:1:      dpeg_arrival_subterranean_lakeside_camping, layout_basic,
          st_stairs_13, minmay_tripent
D:2:      layout_loops_ring, nicolae_grassy_gnolls, uniq_robin, uniq_sigmund,
          uniq_jessica
D:3:      cheibrodos_greedy_goblins, layout_loops_corners, portal_sewer_entry_a,
          minmay_close_crescents
D:4:      layout_basic, nicolae_shop_firing_range
D:5:      cheibrodos_helix_gallery, layout_loops_cross,
          minmay_temple_entry_arrows, dk_vineyard_2, uniq_grinder
D:6:      layout_cave_pods, chequers_jeans
D:7:      cheibrodos_quashed, layout_loops_ring,
          mainiacjoe_overflow_small_starburst, serial_shops,
          nicolae_shop_bloodbath_and_beyond, uniq_pikel, uniq_menkaure,
          uniq_joseph
D:8:      layout_loops_ring, minmay_misc_feat_encased, minmay_bent
D:9:      layout_roguey, erik_lair_island, enter_bailey_6,
          kennysheep_windowed_goal
D:10:     layout_cross, minmay_orc_entry_temple_small, serial_shops,
          kennysheep_mini, uniq_josephine

Skill      XL: |  1  2  3  4  5  6  7  8  9 10 11 |
---------------+----------------------------------+-----
Axes           | 4 5 7 8 9 11 14 16 19 | 19.8
Stealth        | 1 2 |  2.5
Unarmed Combat | 1 |  1.0
Throwing       | 1 |  1.0
Fighting       | |  3.6
Armour         | |  2.4
Dodging        | |  2.1

Action                     |  1- 3 |  4- 6 |  7- 9 | 10-12 || total
---------------------------+-------+-------+-------+-------++-------
  Melee: Hand axe          |    66 |    24 |       |       ||    90
         Headbutt          |    11 |    13 |    27 |    18 ||    69
         War axe           |       |    96 |   140 |       ||   236
         Punch             |       |       |     1 |       ||     1
         Battleaxe         |       |       |    45 |   152 ||   197
         Unarmed           |       |       |       |     9 ||     9
  Throw: Dart              |       |       |       |     5 ||     5
 Invoke: Trog's Hand       |     1 |     3 |     9 |    11 ||    24
         Berserk           |     1 |     3 |     6 |     8 ||    18
    Use: Scroll            |       |       |    14 |     1 ||    15
         Potion            |       |       |       |     5 ||     5
 Armour: Animal skin       |     6 |       |       |       ||     6
         Chain mail        |     9 |    53 |    66 |    84 ||   212
  Dodge: Dodged            |    35 |    45 |    78 |   103 ||   261

Table legend: (Time is in decaauts)
 A = Elapsed time spent in this place.
 B = Non-inter-level travel time spent in this place.
 C = Inter-level travel time spent in this place.
 D = Time resting spent in this place.
 E = Time spent auto-exploring this place.
 F = Levels seen in this place.
 G = Mean time per level.
                   A        B        C        D        E       F      G
               +--------+--------+--------+--------+--------+-----+--------+
         Total |   8804 |   8575 |    229 |    688 |   6526 |  11 |  800.4 |
       Dungeon |   8670 |   8441 |    229 |    688 |   6444 |  10 |  867.0 |
         Sewer |    133 |    133 |      0 |      0 |     82 |   1 |  133.0 |
               +--------+--------+--------+--------+--------+-----+--------+

Top non-repeatable levels by time:
     D:8: 1525 daAuts
     D:7: 1159 daAuts
     D:9: 1149 daAuts
     D:6: 919 daAuts
     D:3: 863 daAuts
     D:5: 858 daAuts
     D:1: 751 daAuts
     D:2: 725 daAuts
     D:4: 560 daAuts
    D:10: 156 daAuts
   Sewer: 133 daAuts
